 Dungeon Crawl Stone Soup version 0.25-a0-547-g27a0b5d1ef (webtiles) character file.

Game seed: 10385186734810815114, levelgen mode: deterministic

426 drasked the Magician (level 6, -2/28 HPs)
             Began as a Spriggan Enchanter on Feb 21, 2020.
             Killed from afar by a gnoll (12 damage)
             ... with an iceblast
             ... on level 4 of the Dungeon.
             The game lasted 00:21:55 (5094 turns).

drasked the Magician (Spriggan Enchanter)           Turns: 5094, Time: 00:21:56

Health: -2/28      AC:  2    Str:  4    XL:     6   Next: 64%
Magic:  21/25      EV: 13    Int: 18    God:
Gold:   272        SH:  0    Dex: 17    Spells: 9/18 levels left

rFire    . . .     SeeInvis +   v - +2 rapier (freeze)
rCold    . . .     Gourm    .   (shield restricted)
rNeg     . . .     Faith    .   b - +0 robe
rPois    .         Spirit   .   (helmet restricted)
rElec    .         Reflect  .   (no cloak)
rCorr    .         Harm     .   (gloves unavailable)
MR       +....                  (boots unavailable)
Stlth    +++.......             (no amulet)
HPRegen  0.09/turn              o - ring of magical power {MP+9MP+9}
MPRegen  0.19/turn              s - +4 ring of evasion

@: held, very quick
A: very small, unfitting armour, see invisible, herbivore, speed 3, slow
metabolism 2
a: no special abilities


You were on level 4 of the Dungeon.
You were not hungry.

You visited 1 branch of the dungeon, and saw 4 of its levels.

You collected 272 gold pieces.

Inventory:

Hand Weapons
 v - a +2 rapier of freezing (weapon)
   (You found it on level 4 of the Dungeon)
 z - a +3 dagger of speed
   (You took it off a kobold on level 4 of the Dungeon)
Missiles
 f - 20 poisoned darts (quivered)
Armour
 a - a +0 buckler
   (You found it on level 4 of the Dungeon)
 b - a +0 robe (worn)
Jewellery
 m - an uncursed ring of protection from magic {MR+, !d}
   (You found it on level 4 of the Dungeon)
 o - a ring of magical power (left hand) {MP+9MP+9}
   (You found it on level 3 of the Dungeon)
 s - a +4 ring of evasion (right hand)
   (You found it on level 3 of the Dungeon)
Wands
 D - a wand of digging (6)
   (You found it on level 3 of the Dungeon)
Scrolls
 c - 2 scrolls of enchant armour {unknown}
 g - 2 scrolls of enchant weapon {unknown}
 j - 2 scrolls of teleportation {unknown}
 k - 2 scrolls of immolation {unknown}
 n - a scroll of noise {unknown}
 p - a scroll of amnesia {unknown}
 r - 2 scrolls of magic mapping {unknown}
 w - 2 scrolls of remove curse
 x - a scroll of identify {unknown}
Potions
 d - 2 potions of resistance {unknown}
 h - a potion of berserk rage {unknown}
 i - 2 potions of stabbing {unknown}
 l - a potion of heal wounds {unknown}
 q - a potion of degeneration {unknown}
 t - a potion of curing {unknown}
 u - a potion of brilliance {unknown}
 y - a potion of might {unknown}
Comestibles
 e - 9 rations


   Skills:
 + Level 2.8 Short Blades
 - Level 3.0 Dodging
 + Level 6.0 Stealth
 + Level 6.6 Spellcasting
 - Level 4.7 Hexes
 + Level 1.1 Ice Magic


You had 9 spell levels left.
You knew the following spells:

 Your Spells              Type           Power        Failure   Level  Hunger
a - Ensorcelled Hibernat  Hex/Ice        ###...       5%          2    None
b - Tukima's Dance        Hex            ###.....     4%          3    ##.....
c - Dazzling Flash        Conj/Hex       ##....       13%         3    ##.....
v - Corona                Hex            ###....      1%          1    None

Your spell library contained the following spells:

 Spells                   Type           Power        Failure   Level  Hunger
 Confusing Touch          Hex            ###.....     4%          3    ##.....


Dungeon Overview and Level Annotations

Branches:
Dungeon (4/15)
 Temple: D:4-7

Altars:
Cheibriados
Hepliaklqana
Kikubaaqudgha
Okawaru
Yredelemnul
Beogh
Jiyva


Innate Abilities, Weirdness & Mutations

You are very small and have problems with some larger weapons.
You are too small for most types of armour.
You have supernaturally acute eyesight. (SInv)
You are a herbivore.
You cover ground extremely quickly.
You need to consume almost no food.


Message History

The hobgoblin looks drowsy...
The helpless hobgoblin fails to defend itself.
You impale the hobgoblin!! You freeze the hobgoblin.
You kill the hobgoblin!
Aim: an orc, wielding a +0 dagger (chance to defeat MR: 64%)
The orc looks drowsy...
The helpless orc fails to defend itself.
You impale the orc!! You freeze the orc.
You kill the orc!
Okay, then.
There is an open door here.
Things that are here:
a +0 dagger; a +0 club
e - 9 rations (gained 1)
You start resting.
You start resting.
There is an open door here.
Things that are here:
a +0 dagger; a +0 club
There is an open door here.
Things that are here:
a +0 short sword; an orc corpse
There is an open door here.
You open the door.
There is an open door here.
Things that are here:
a +0 dagger; a goblin corpse
f - 20 poisoned darts (gained 1)
There is an open door here.
There is an open door here.
Things that are here:
a +0 club; a hobgoblin corpse
There is an open door here.
There is an open door here.
A dart slug comes into view.
The gnoll shouts!
There is an open door here.
Things that are here:
a cursed -3 club; a hobgoblin corpse
There is an open door here.
There is an open door here.
The dart slug launches a dart at you. The slug dart misses you.
There is an open door here.
Things that are here:
a cursed -3 club; a hobgoblin corpse
Aim: a dart slug (chance to defeat MR: 64%)
The dart slug looks drowsy...
The helpless dart slug fails to defend itself.
You impale the dart slug!! You freeze the dart slug.
You kill the dart slug!
There is an open door here.
The gnoll shouts!
The gnoll throws a stone.
The stone completely misses you.
The gnoll throws a stone.
The stone completely misses you.
There is an open door here.
You see here a stone.
You see here a dart slug corpse.
Things that are here:
a cursed -3 club; a hobgoblin corpse
There is an open door here.
There is an open door here.
Aim: a gnoll, wielding a +0 spear (chance to defeat MR: 55%)
The gnoll looks drowsy...
The helpless gnoll fails to defend itself.
You impale the gnoll!! You freeze the gnoll.
You kill the gnoll!
The gnoll barely misses you. The gnoll closely misses you.
Things that are here:
a +0 spear; a cursed -3 club; a hobgoblin skeleton
Aim: a gnoll, wielding a -2 spear and quivering 44 stones (chance to defeat MR: 55%)
The gnoll resists with significant effort.
The gnoll hits you with a cursed -2 spear.
Aim: a gnoll, wielding a -2 spear and quivering 44 stones (chance to defeat MR: 55%)
The gnoll resists with significant effort.
The gnoll completely misses you.
Aim: a gnoll, wielding a -2 spear and quivering 44 stones (chance to defeat MR: 55%)
The gnoll resists with significant effort.
The gnoll completely misses you.
Aim: a gnoll, wielding a -2 spear and quivering 44 stones (chance to defeat MR: 55%)
The gnoll looks drowsy...
The helpless gnoll fails to defend itself.
You impale the gnoll!! You freeze the gnoll.
You kill the gnoll!
Your Stealth skill increases to level 6!
You start resting.
The gnoll is too close now for your liking.
The gnoll shouts!
The gnoll throws a throwing net.
The throwing net hits you.
You become entangled in the net!
You struggle against the net.
The gnoll zaps a wand.
The mass of ice explodes!
The iceblast engulfs you!
Ouch! That really hurt!
* * * LOW HITPOINT WARNING * * *
You struggle against the net.
The gnoll zaps a wand.
The mass of ice explodes!
The iceblast engulfs you!
You die...

#####)#.)##'#..#### .......
#..#........#'##...
.........#.)'.#####..)..#...
........#####.+ ##'#..##)#
........#..#..# #..#..#..#
........#))#..# #..#..†(.#
#......##'##.#########.####
#...g...(.)#..#...#[.#...#P
#.......#)@'..#[..'..#.).#.
#.....(.#####.##'#####.#)##
#...#....#..#..).......#...
#........#.)'..).#'##..#.).
.......P#####'#'##.)####'##
.........#..#.÷#..#..#.....#
......gg.#K.'..#..#).#.)...#
(........####..#######.....#
....g....P #### ....##+####


You could see a gnoll.

Levels and vault maps discovered:
D:1:      erik_arrival_cave_to_civilisation [erik_arrival_cave_to_temple],
          layout_basic, minmay_tetromino_s2
D:2:      layout_basic, kiku_gazebo_garden_becter, first_ration
D:3:      lemuel_upstairs_altar, layout_basic, lemuel_round_altar,
          overflow_temple_1_default, yredelemnul_altar_generic
D:4:      corexii_shantytown, layout_rooms, grunt_gozag_statues,
          minmay_temple_entry_offerings, kennysheep_orc_chapel,
          uniq_crazy_yiuf_cottage

Notes
Turn   | Place    | Note
-------+----------+-------------------------------------------
     0 | D:1      | drasked the Spriggan Enchanter began the quest for the Orb.
     0 | D:1      | Reached XP level 1. HP: 9/9 MP: 5/5
    66 | D:1      | Identified a +0 club
   260 | D:1      | Identified a +0 club
   285 | D:1      | Reached XP level 2. HP: 13/13 MP: 6/6
   289 | D:1      | Learned a level 2 spell: Ensorcelled Hibernation
   292 | D:1      | Identified a +0 club
   309 | D:1      | Reached skill level 3 in Spellcasting
   465 | D:1      | Identified a +0 club
   578 | D:1      | Reached skill level 4 in Hexes
   926 | D:1      | Identified a +0 club
   929 | D:1      | Reached skill level 5 in Stealth
  1149 | D:1      | Reached XP level 3. HP: 16/16 MP: 8/8
  1165 | D:1      | Found a viscous altar of Jiyva.
  1165 | D:1      | Identified a +0 club
  1319 | D:2      | Identified a +0 club
  1350 | D:2      | Identified a +0 club
  1433 | D:2      | Reached skill level 2 in Short Blades
  1606 | D:2      | Identified a cursed +0 dagger
  1681 | D:2      | Found an ancient bone altar of Kikubaaqudgha.
  2007 | D:2      | Identified a +0 short sword
  2155 | D:3      | Found a snail-covered altar of Cheibriados.
  2155 | D:3      | Identified a +0 club
  2164 | D:3      | Identified a cursed -2 dagger
  2299 | D:3      | Identified a +0 club
  2308 | D:3      | Identified a +0 flail
  2360 | D:3      | Identified a +0 dagger
  2365 | D:3      | Identified a +0 halberd
  2371 | D:2      | Reached XP level 4. HP: 21/21 MP: 1/10
  2461 | D:3      | Identified a +0 spear
  2615 | D:2      | Identified a ring of magical power (You found it on level 3
                  | of the Dungeon)
  2721 | D:3      | Identified a +0 dagger
  2833 | D:3      | Identified a +0 dagger
  2895 | D:3      | Found a hazy altar of Hepliaklqana.
  2971 | D:3      | Found a basalt altar of Yredelemnul.
  3078 | D:4      | Identified a +2 rapier of freezing (You found it on level 4
                  | of the Dungeon)
  3087 | D:4      | Reached XP level 5. HP: 24/24 MP: 11/11
  3107 | D:4      | Identified a +0 spear
  3109 | D:4      | Identified a +0 spear
  3109 | D:4      | Identified a +0 flail
  3127 | D:4      | Identified a +0 halberd
  3172 | D:4      | Reached skill level 4 in Spellcasting
  3460 | D:4      | Reached skill level 5 in Spellcasting
  3502 | D:4      | Identified a +0 giant spiked club
  3502 | D:4      | Noticed an ogre
  3627 | D:4      | Learned a level 3 spell: Tukima's Dance
  3631 | D:4      | Learned a level 3 spell: Dazzling Flash
  3658 | D:4      | Killed an ogre
  3658 | D:4      | Reached XP level 6. HP: 15/28 MP: 15/15
  3801 | D:4      | Found a roughly hewn altar of Beogh.
  3801 | D:4      | Identified a +0 mace
  3801 | D:4      | Identified a +0 leather armour
  3801 | D:4      | Identified a +0 dagger
  3801 | D:4      | Identified a +0 robe
  3801 | D:4      | Identified a +0 whip
  3811 | D:4      | Identified a +0 leather armour
  3814 | D:4      | Reached skill level 6 in Spellcasting
  3824 | D:3      | Identified a +0 club
  3991 | D:3      | Found an iron altar of Okawaru.
  4113 | D:4      | Identified a +0 mace
  4113 | D:4      | Identified a +0 club
  4129 | D:4      | Identified a ring of evasion (You found it on level 3 of
                  | the Dungeon)
  4131 | D:4      | Identified a ring of protection from magic (You found it on
                  | level 4 of the Dungeon)
  4181 | D:4      | Identified a +0 ring mail
  4186 | D:4      | Identified a +0 flail
  4253 | D:4      | Identified a +0 club
  4253 | D:4      | Identified a cursed -2 whip
  4278 | D:4      | Identified a +0 club
  4315 | D:4      | Identified a +1 vampiric dagger
  4344 | D:4      | Identified a +0 mace
  4487 | D:4      | Identified a +0 dagger
  4503 | D:4      | Identified a +0 short sword
  4503 | D:4      | Identified a +0 chain mail
  4661 | D:4      | Identified a +3 dagger of speed
  4662 | D:4      | Identified a +0 club
  4703 | D:4      | Identified a +0 club
  4704 | D:4      | Identified a +0 club
  4705 | D:4      | Reached skill level 1 in Ice Magic
  4749 | D:4      | Identified a +0 short sword
  4749 | D:4      | Identified a +0 hand axe
  4749 | D:4      | Identified a +0 leather armour
  4780 | D:4      | Identified a cursed -2 robe (You found it on level 4 of the
                  | Dungeon)
  4780 | D:4      | Identified 3 scrolls of remove curse
  4792 | D:4      | Identified a +0 robe
  4809 | D:4      | Identified a +0 dagger
  4809 | D:4      | Identified a cursed -3 club
  4815 | D:4      | Identified a +0 falchion
  4815 | D:4      | Identified a +0 club
  4823 | D:4      | Identified a cursed -2 spear
  4828 | D:4      | Identified a +0 spear
  4828 | D:4      | Identified the ring of Xom's Bemusement {rCorr Stlth+}
  4828 | D:4      | Identified a +0 spear
  4874 | D:4      | Identified a +0 short sword
  4886 | D:4      | Identified a +0 dagger
  4886 | D:4      | Identified a +0 club
  5070 | D:4      | Reached skill level 6 in Stealth
  5094 | D:4      | Killed from afar by a gnoll

Table legend:
 A = Turns spent in this place as a percentage of turns spent in the entire game.
 B = Non-inter-level travel turns spent in this place as a percentage of non-inter-level travel turns spent in the entire game.
 C = Inter-level travel turns spent in this place as a percentage of turns spent in this place.
 D = Turns resting spent in this place as a percentage of non-inter-level travel turns spent in this place.
 E = Turns spent auto-exploring this place as a percentage of non-inter-level travel turns spent in this place.
 F = Non-inter-level travel turns spent in this place divided by the number of levels of this place that you've seen.
                   A       B       C       D       E      F
               +-------+-------+-------+-------+-------+----------------------
         Total | 100.0 | 100.0 |   2.2 |  33.4 |  36.9 | 1245.8
       Dungeon | 100.0 | 100.0 |   2.2 |  33.4 |  36.9 | 1245.8
               +-------+-------+-------+-------+-------+----------------------

Table legend:
 A = Kills in this place as a percentage of kills in entire the game.
 B = Kills by you in this place as a percentage of kills by you in the entire game.
 C = Kills by friends in this place as a percentage of kills by friends in the entire game.
 D = Other kills in this place as a percentage of other kills in the entire game.
 E = Experience gained in this place as a percentage of experience gained in the entire game.
 F = Experience gained in this place divided by the number of levels of this place that you have seen.
                   A       B       C       D       E      F
               +-------+-------+-------+-------+-------+----------------------
         Total | 100.0 | 100.0 | 100.0 |   N/A | 100.0 | 152.2
       Dungeon | 100.0 | 100.0 | 100.0 |   N/A | 100.0 | 152.2
               +-------+-------+-------+-------+-------+----------------------

Skill      XL: |  1  2  3  4  5  6 |
---------------+-------------------+-----
Spellcasting   | 3 5 6 |  6.6
Hexes          | 4 |  4.7
Stealth        | 5 6 |  6.0
Short Blades   | 2 |  2.8
Ice Magic      | 1 |  1.1
Dodging        | |  3.0

Action                   |  1- 3 |  4- 6 || total
-------------------------+-------+-------++-------
Melee: Dagger            |    99 |    22 ||   121
       Rapier            |       |    97 ||    97
Throw: Dart              |    43 |    21 ||    64
 Cast: Ensorcelled Hiber |    19 |    55 ||    74
       Tukima's Dance    |       |     2 ||     2
  Use: Scroll            |       |     1 ||     1
 Stab: Sleeping          |    24 |    40 ||    64
  Eat: Ration            |       |     2 ||     2
Armor: Robe              |    13 |     3 ||    16
Dodge: Dodged            |    99 |    91 ||   190

Vanquished Creatures
  An orc priest (D:4)
  An iguana (D:4)
  A worker ant (D:4)
  An orc wizard (D:4)
  3 adders
  9 gnolls
  4 worms
  4 dart slugs
  3 leopard geckos
  13 orcs (D:4)
  A ball python (D:2)
  6 bats
  4 giant cockroaches
  15 goblins
  15 hobgoblins
  7 jackals
  4 frilled lizards (D:3)
  9 kobolds
  A leopard gecko skeleton (D:4)
  5 rats
107 creatures vanquished.

Vanquished Creatures (collateral kills)
  An ogre (D:4)
1 creature vanquished.

Grand Total: 108 creatures vanquished
